General information
- name: ATempT P:| L:19
- type: Custom game
- host: ATempT
- saver: debinhalencar
map: GnollWood
- players: 6
- length: 19:40
- speed: Fast
- version: 1.23 W3XP
- replay type: Public
» download(154 KB)
Players
team 1 (winner)
ATempT (
red | 108 APM | 2121 actions | 19:40)
5 Blademaster
3 Wind Walk
2 Critical Strike
3 Shadow Hunter
1 Hex
2 Healing Wave
» actions
| Assign group hotkey | 18 | |
| Build / train | 41 | |
| Enter build submenu | 10 | |
| Enter hero's abilities submenu | 8 | |
| Give item / drop item | 3 | |
| Remove unit from queue | 1 | |
| Right click | 1336 | |
| Select / deselect | 192 | |
| Select group hotkey | 463 | |
| Use ability | 49 | |
2121 total
» units
» buildings
| Altar of Storms | 1 | |
| Orc Burrow | 6 | |
| Barracks | 1 | |
| Voodoo Lounge | 1 | |
| Stronghold | 2 | |
| Beastiary | 2 | |
13 total
» build order
00:05 Altar of Storms
00:19 Orc Burrow
00:45 Barracks
01:56 Orc Burrow
02:22 Voodoo Lounge
03:01 Stronghold
03:59 Orc Burrow
05:42 Beastiary
05:43 Beastiary
06:23 Orc Burrow
14:11 Orc Burrow
14:37 Orc Burrow
» items
| Circlet of Nobility | 1 | |
| Boots of Speed | 1 | |
| Healing Salve | 5 | |
| Lesser Clarity Potion | 1 | |
| Potion of Healing | 2 | |
10 total
debinhalencar (
blue | 119 APM | 2347 actions | 19:40)
5 Archmage
3 Summon Water Elemental
2 Brilliance Aura
4 Mountain King
2 Storm Bolt
2 Bash
2 Paladin
1 Holy Light
1 Devotion Aura
» actions
| Assign group hotkey | 29 | |
| Basic commands | 128 | |
| Build / train | 129 | |
| ESC pressed | 3 | |
| Enter build submenu | 37 | |
| Enter hero's abilities submenu | 11 | |
| Give item / drop item | 1 | |
| Remove unit from queue | 1 | |
| Right click | 1092 | |
| Select / deselect | 555 | |
| Select group hotkey | 229 | |
| Use ability | 132 | |
2347 total
» units
| Peasant | 24 | |
| Footman | 8 | |
| Rifleman | 6 | |
| Sorceress | 3 | |
| Priest | 3 | |
| Spell Breaker | 2 | |
| Siege Engine | 2 | |
| Flying Machine | 3 | |
51 total
» upgrades
| Masonry | 3 | |
| Defend | 1 | |
| Gunpowder | 3 | |
| Lumber Harvesting | 2 | |
| Barrage | 1 | |
| Sorceress Training | 2 | |
| Priest Training | 2 | |
| Long Rifles | 1 | |
| Plating | 3 | |
| Fragmentation Shards | 1 | |
| Magic Sentry | 1 | |
| Control Magic | 1 | |
| Animal War Training | 1 | |
| Flak Cannons | 1 | |
23 total
» buildings
| Altar of Kings | 1 | |
| Barracks | 1 | |
| Farm | 13 | |
| Town Hall | 2 | |
| Scout Tower | 10 | |
| Lumber Mill | 1 | |
| Arcane Tower | 2 | |
| Arcane Vault | 1 | |
| Keep | 2 | |
| Blacksmith | 1 | |
| Guard Tower | 13 | |
| Castle | 2 | |
| Arcane Sanctum | 2 | |
| Workshop | 4 | |
55 total
» build order
00:05 Altar of Kings
00:22 Barracks
00:34 Farm
01:03 Farm
01:46 Farm
03:11 Town Hall
03:49 Scout Tower
04:20 Lumber Mill
04:23 Scout Tower
04:50 Arcane Tower
04:53 Scout Tower
05:22 Arcane Tower
05:36 Arcane Vault
06:10 Keep
06:10 Keep
06:15 Farm
06:17 Farm
06:26 Blacksmith
06:38 Scout Tower
07:06 Guard Tower
07:08 Scout Tower
07:56 Guard Tower
09:14 Castle
09:14 Castle
09:23 Scout Tower
09:25 Scout Tower
09:35 Arcane Sanctum
09:37 Arcane Sanctum
09:54 Guard Tower
09:55 Guard Tower
09:57 Scout Tower
09:59 Scout Tower
10:12 Farm
10:19 Farm
10:26 Guard Tower
10:27 Guard Tower
10:51 Workshop
10:59 Farm
11:40 Farm
12:18 Farm
14:38 Farm
14:56 Farm
15:24 Farm
15:38 Scout Tower
16:11 Town Hall
16:17 Guard Tower
17:29 Workshop
17:31 Workshop
17:38 Workshop
18:42 Guard Tower
18:42 Guard Tower
18:43 Guard Tower
18:43 Guard Tower
18:50 Guard Tower
18:50 Guard Tower
» items
| Boots of Speed | 1 | |
| Potion of Healing | 2 | |
| Lesser Clarity Potion | 1 | |
| Ivory Tower | 6 | |
10 total
_NIKOLLAS_ (
teal | 43 APM | 853 actions | 19:40)
3 Death Knight
2 Death Coil
1 Unholy Aura
3 Lich
1 Dark Ritual
2 Frost Nova
» actions
| Assign group hotkey | 10 | |
| Build / train | 46 | |
| Enter build submenu | 18 | |
| Enter hero's abilities submenu | 6 | |
| Right click | 285 | |
| Select / deselect | 323 | |
| Select group hotkey | 127 | |
| Use ability | 38 | |
853 total
» units
| Acolyte | 3 | |
| Ghoul | 16 | |
| Frost Wyrm | 9 | |
28 total
» upgrades
| Cannibalize | 1 | |
| Ghoul Frenzy | 1 | |
| Freezing Breath | 1 | |
3 total
» buildings
| Crypt | 1 | |
| Ziggurat | 8 | |
| Altar of Darkness | 1 | |
| Tomb of Relics | 1 | |
| Halls of the Dead | 1 | |
| Black Citadel | 1 | |
| Graveyard | 1 | |
| Spirit Tower | 1 | |
| Sacrificial Pit | 1 | |
| Boneyard | 2 | |
18 total
» build order
00:08 Crypt
00:11 Ziggurat
00:33 Altar of Darkness
00:53 Tomb of Relics
02:50 Ziggurat
03:26 Halls of the Dead
04:41 Ziggurat
06:11 Black Citadel
06:21 Graveyard
06:55 Ziggurat
07:53 Spirit Tower
08:04 Sacrificial Pit
09:15 Boneyard
09:22 Boneyard
10:00 Ziggurat
15:00 Ziggurat
17:05 Ziggurat
18:03 Ziggurat
» items
team 2 (loser)
F|cCC0000FFenix (
yellow | 81 APM | 1078 actions | 13:21)
3 Blademaster
1 Wind Walk
2 Critical Strike
2 Shadow Hunter
1 Healing Wave
1 Hex
» actions
| Assign group hotkey | 18 | |
| Build / train | 40 | |
| Enter build submenu | 14 | |
| Enter hero's abilities submenu | 5 | |
| Remove unit from queue | 1 | |
| Right click | 452 | |
| Select / deselect | 86 | |
| Select group hotkey | 427 | |
| Use ability | 35 | |
1078 total
» units
| Peon | 9 | |
| Grunt | 5 | |
| Wind Rider | 7 | |
| Shaman | 4 | |
25 total
» upgrades
» buildings
| Altar of Storms | 1 | |
| Orc Burrow | 6 | |
| Barracks | 1 | |
| Stronghold | 1 | |
| Voodoo Lounge | 1 | |
| Beastiary | 2 | |
| Spirit Lodge | 1 | |
13 total
» build order
00:04 Altar of Storms
00:22 Orc Burrow
00:37 Barracks
02:05 Orc Burrow
03:05 Stronghold
04:21 Orc Burrow
04:40 Voodoo Lounge
05:31 Beastiary
05:35 Beastiary
06:52 Orc Burrow
07:24 Spirit Lodge
08:50 Orc Burrow
09:46 Orc Burrow
» items
sirdiluan (
purple | 24 APM | 198 actions | 08:15)
1 Death Knight
1 Death Coil
» actions
| Assign group hotkey | 4 | |
| Build / train | 19 | |
| Enter build submenu | 6 | |
| Enter hero's abilities submenu | 1 | |
| Right click | 76 | |
| Select / deselect | 69 | |
| Select group hotkey | 9 | |
| Use ability | 14 | |
198 total
» units
| Acolyte | 2 | |
| Ghoul | 5 | |
| Crypt Fiend | 3 | |
10 total
» upgrades
| Creature Attack | 1 | |
| Creature Carapace | 1 | |
2 total
» buildings
| Altar of Darkness | 1 | |
| Crypt | 1 | |
| Graveyard | 1 | |
| Ziggurat | 9 | |
| Halls of the Dead | 1 | |
13 total
» build order
00:10 Altar of Darkness
00:13 Crypt
01:17 Graveyard
01:23 Ziggurat
01:25 Ziggurat
04:50 Halls of the Dead
07:18 Ziggurat
07:21 Ziggurat
07:22 Ziggurat
07:22 Ziggurat
07:25 Ziggurat
07:26 Ziggurat
07:31 Ziggurat
melquior (
orange | 29 APM | 573 actions | 19:40)
2 Mountain King
1 Storm Bolt
1 Bash
2 Paladin
1 Divine Shield
1 Holy Light
» actions
| Assign group hotkey | 5 | |
| Basic commands | 3 | |
| Build / train | 69 | |
| Enter build submenu | 16 | |
| Enter hero's abilities submenu | 4 | |
| Remove unit from queue | 1 | |
| Right click | 181 | |
| Select / deselect | 173 | |
| Select group hotkey | 72 | |
| Use ability | 49 | |
573 total
» units
| Peasant | 5 | |
| Footman | 11 | |
| Rifleman | 17 | |
| Crypt Fiend | 5 | |
38 total
» upgrades
| Gunpowder | 2 | |
| Lumber Harvesting | 1 | |
| Long Rifles | 1 | |
| Armor | 2 | |
| Masonry | 1 | |
7 total
» buildings
| Barracks | 1 | |
| Altar of Kings | 1 | |
| Farm | 10 | |
| Keep | 1 | |
| Blacksmith | 1 | |
| Lumber Mill | 1 | |
| Scout Tower | 16 | |
| Guard Tower | 16 | |
47 total
» build order
00:06 Barracks
00:11 Altar of Kings
00:30 Farm
00:57 Farm
01:34 Farm
01:36 Farm
03:02 Farm
03:04 Farm
04:06 Keep
04:22 Farm
04:36 Blacksmith
06:26 Lumber Mill
12:01 Farm
12:02 Farm
12:04 Farm
14:05 Scout Tower
14:54 Guard Tower
14:57 Scout Tower
14:58 Scout Tower
15:00 Scout Tower
15:48 Guard Tower
15:54 Guard Tower
16:04 Scout Tower
16:05 Scout Tower
16:06 Scout Tower
16:09 Scout Tower
16:19 Guard Tower
16:23 Scout Tower
16:25 Scout Tower
16:55 Guard Tower
16:57 Guard Tower
17:12 Scout Tower
17:16 Scout Tower
17:18 Scout Tower
17:19 Scout Tower
17:21 Guard Tower
17:24 Guard Tower
17:27 Scout Tower
17:29 Scout Tower
17:31 Guard Tower
17:36 Guard Tower
17:57 Guard Tower
18:55 Guard Tower
18:59 Guard Tower
19:01 Guard Tower
19:05 Guard Tower
19:07 Guard Tower
Chat log
(00:08 / Allies) debinhalencar: ah!
(00:11 / Allies) debinhalencar: ei
(00:13 / Allies) debinhalencar: parece q deborah
(00:14 / Allies) debinhalencar: tava com medo
(00:16 / Allies) debinhalencar: do teuzin
(00:17 / Allies) debinhalencar: ai n apareceu
(00:18 / Allies) debinhalencar: na praia
(00:24 / Allies) _NIKOLLAS_: AH!
(00:27 / Allies) debinhalencar: fico so na barraca
(00:27 / Allies) debinhalencar: do lado
(00:47 / Allies) _NIKOLLAS_: comedo de levar um abraço
(00:54 / Allies) debinhalencar: abraco de urso
(01:03 / Allies) _NIKOLLAS_: aheiuahiue
(01:15 / Allies) debinhalencar: maxo eu axo q vo eh levar
(01:17 / Allies) debinhalencar: uma prancha
(01:18 / Allies) debinhalencar: amanha
(01:20 / Allies) debinhalencar: so pra mi passar
(01:22 / Allies) debinhalencar: pras ninfeta oh
(01:27 / Allies) _NIKOLLAS_: :D
(01:32 / Allies) debinhalencar: pegar onda!
(01:33 / Allies) ATempT: aff
(01:36 / Allies) ATempT: caguei o pau
(01:36 / Allies) ATempT: aki
(01:37 / Allies) ATempT: zzzz
(01:44 / Allies) _NIKOLLAS_: toh me garantindo
(05:02 / Allies) ATempT: aff
(05:03 / Allies) ATempT: eh de mana
(05:45 / Allies) debinhalencar: bate no hjeroi
(07:13 / Allies) debinhalencar: ixi
(07:32 / Allies) debinhalencar: a maxo
(07:33 / Allies) debinhalencar: o kara
(07:35 / Allies) debinhalencar: ta freskando
(07:45 / Allies) debinhalencar: n sabe jogar
(08:46 / Allies) ATempT: sai
(09:04 / Allies) _NIKOLLAS_: tu me prendeu porra
(14:45 / Allies) debinhalencar: !
(15:15 / Allies) debinhalencar: rmk logo
(15:17 / Allies) debinhalencar: roxo n sabia
(15:21 / Allies) debinhalencar: nem pra onde ia